 Dungeon Crawl Stone Soup version 0.20.0-10-g0535bb4 (webtiles) character file.

675 mcbry the Skirmisher (level 7, -3/60 HPs)
             Began as a Merfolk Fighter on June 5, 2017.
             Was an Initiate of Okawaru.
             Slain by an ogre
             ... wielding a +0 giant club
              (20 damage)
             ... on level 5 of the Dungeon.
             The game lasted 00:17:51 (4458 turns).

mcbry the Skirmisher (Merfolk Fighter)              Turns: 4458, Time: 00:17:52

Health: -3/60      AC:  9    Str: 18    XL:     7   Next: 59%
Magic:  7/7        EV: 11    Int:  8    God:    Okawaru [......]
Gold:   181        SH:  0    Dex: 17    Spells: 6/6 levels left

rFire    + . .     SeeInvis .   e - -1 halberd (curse)
rCold    + . .     Gourm    .   (shield currently unavailable)
rNeg     . . .     Faith    .   b - +0 scale mail
rPois    .         Spirit   .   v - +1 helmet
rElec    .         Reflect  .   u - scarf {rC+ rF+}
rCorr    .         Harm     .   f - +0 pair of gloves
MR       .....                  (no boots)
Stlth    ..........             (no amulet)
Regen    0.2/turn               g - +4 ring of dexterity
MPRegen  0.1/turn               (no ring)

@: no status effects
A: change form in water, swift swim, stealthy swim
a: Renounce Religion


You were on level 5 of the Dungeon.
You worshipped Okawaru.
Okawaru was noncommittal.
You were not hungry.

You visited 1 branch of the dungeon, and saw 5 of its levels.

You collected 181 gold pieces.

Inventory:

Hand Weapons
 a - a +0 trident
 e - a cursed -1 halberd (weapon)
 A - a +0 blowgun
Missiles
 d - a throwing net (quivered)
 y - 14 poisoned needles
Armour
 b - a +0 scale mail (worn)
 c - a +0 shield
 f - a +0 pair of gloves (worn)
 u - a scarf of resistance (worn)
 v - a +1 helmet (worn)
Jewellery
 g - a +4 ring of dexterity (left hand)
Potions
 i - a potion of mutation {unknown}
 j - a potion of haste {unknown}
 l - 3 potions of curing
 m - a potion of cancellation {unknown}
 o - a potion of resistance {unknown}
 r - a potion of lignification {unknown}
 z - a potion of ambrosia {unknown}
Comestibles
 h - 4 meat rations
 n - 6 bread rations
 w - 2 fruits


   Skills:
 * Level 7.1 Fighting
 + Level 6.2 Polearms
 + Level 2.4 Throwing
 - Level 2.1 Armour
 + Level 3.6 Dodging
 - Level 3.0 Shields


You had 6 spell levels left.
You didn't know any spells.

Dungeon Overview and Level Annotations

Branches:
Dungeon (5/15)             Temple (0/1) D:5

Altars:
Okawaru

Annotations:
D:5 Edmund


Message History

Edmund hits you with a dire flail of holy wrath.
The ogre hits you with a giant club.
* * * LOW HITPOINT WARNING * * *
The giant cockroach bites you but does no damage.
Attack whom?
Press: ? - help, Dir - move target cursor, f/p - Edmund
Aim: Edmund, wielding a dire flail of holy wrath and wearing a scale mail (severely wounded)
You slash Edmund!
Edmund is almost dead.
Edmund barely misses you.
The giant cockroach bites you but does no damage.
The ogre misses you.
Attack whom?
Press: ? - help, Dir - move target cursor, f/p - Edmund
Aim: Edmund, wielding a dire flail of holy wrath and wearing a scale mail (severely wounded)
You barely miss Edmund.
Edmund is severely wounded.
The giant cockroach bites you but does no damage.
Edmund closely misses you. The ogre hits you with a giant club!!
You die...

#.......#.##...##....#.....
#.......#.##...######....##
*.........#.......##.......
**,,,,,,,..#.......##......#
*,,,,,,,,,,#..........####.#
*,****,,,,*#.......รท........
*,* *###**#.......)######..
*,* #...##........#,,,,,,.
*,* #...s@........#,,,,,,,
*,****#..?O@.####.#+#,,,,,,,
*,*,.........#*,....,,,,,,,,
*,*,.$.......#*.....,,,,,,,,
*,*,.........##..,,,,****,,,
*,*,.........###.,,,,,*,,,,,
*,*,....######**,,,**,*,,,,,
*,*,....****,,,*,,,**,*,,,,,
*,,,,,,,,,,*,,,,,,,,,,***,,,


You could see Edmund, an ogre and a giant cockroach.

Vanquished Creatures
  Grinder (D:3)
  An ogre (D:4)
  An iguana (D:4)
  Jessica (D:2)
  Natasha (twice) (D:2)
  4 worker ants
  A worker ant zombie (D:4)
  Robin (D:2)
  2 adders (D:4)
  4 gnolls (D:4)
  2 worms
  A dart slug (D:2)
  2 leopard geckos
  4 orcs
  3 ball pythons
  8 bats
  7 giant cockroaches
  15 goblins
  13 hobgoblins
  2 jackals (D:5)
  A quokka (D:4)
  7 frilled lizards
  12 kobolds
  12 rats
107 creatures vanquished.

Notes
Turn   | Place    | Note
-------+----------+-------------------------------------------
     0 | D:1      | mcbry the Merfolk Fighter began the quest for the Orb.
     0 | D:1      | Reached XP level 1. HP: 18/18 MP: 1/1
   290 | D:1      | Reached XP level 2. HP: 24/24 MP: 2/2
   309 | D:1      | Reached skill level 1 in Dodging
   794 | D:1      | Reached XP level 3. HP: 30/30 MP: 3/3
  1185 | D:2      | Noticed Jessica
  1195 | D:2      | Killed Jessica
  1195 | D:2      | Reached skill level 4 in Fighting
  1195 | D:2      | Reached XP level 4. HP: 35/37 MP: 4/4
  1538 | D:2      | Noticed Natasha
  1542 | D:2      | Killed Natasha
  1612 | D:2      | Noticed Natasha
  1627 | D:2      | Killed Natasha
  1627 | D:2      | Reached XP level 5. HP: 13/43 MP: 5/5
  1887 | D:2      | Noticed Robin
  1910 | D:2      | Killed Robin
  1922 | D:2      | Reached skill level 5 in Fighting
  2548 | D:3      | Noticed Grinder
  2557 | D:3      | Killed Grinder
  2557 | D:3      | Reached skill level 6 in Fighting
  2557 | D:3      | Reached skill level 1 in Throwing
  2557 | D:3      | Reached XP level 6. HP: 30/52 MP: 6/6
  3072 | D:4      | Found an iron altar of Okawaru.
  3095 | D:4      | Became a worshipper of Warmaster Okawaru
  3136 | D:4      | Reached skill level 5 in Polearms
  3160 | D:4      | Reached XP level 7. HP: 33/59 MP: 7/7
  3784 | D:4      | Reached skill level 7 in Fighting
  4023 | D:5      | Entered Level 5 of the Dungeon
  4445 | D:5      | Noticed Edmund
  4458 | D:5      | Slain by an ogre

Skill      XL: |  1  2  3  4  5  6  7 |
---------------+----------------------+-----
Dodging        | 1 2 3 |  3.6
Polearms       | 4 5 6 |  6.2
Fighting       | 4 6 7 |  7.1
Throwing       | 1 2 |  2.4
Armour         | |  2.1
Shields        | |  3.0

Action                   |  1- 3 |  4- 6 |  7- 9 || total
-------------------------+-------+-------+-------++-------
Melee: Trident           |   107 |   225 |       ||   332
       Halberd           |       |       |    80 ||    80
 Fire: Blowgun           |       |    23 |       ||    23
Throw: Throwing net      |       |     1 |     1 ||     2
  Use: Potion            |       |     1 |       ||     1
       Scroll            |       |     5 |     4 ||     9
  Eat: Bread ration      |     1 |       |       ||     1
       Chunk             |       |     3 |       ||     3
       Meat ration       |       |       |     1 ||     1
Armor: Scale mail        |    36 |    44 |    41 ||   121
       Plate armour      |       |    10 |       ||    10
Dodge: Dodged            |    18 |    48 |    55 ||   121
Block: Shield            |    37 |    92 |       ||   129
